 Dungeon Crawl Stone Soup version 0.22-a0-322-g60b3cfd (webtiles) character file.

1202 xccam the Cleaver (level 8, 0/58 HPs)
             Began as a Formicid Fighter on Apr 2, 2018.
             Slain by an ogre
             ... wielding a +0 giant spiked club
              (30 damage)
             ... on level 5 of the Dungeon.
             The game lasted 00:09:24 (5109 turns).

xccam the Cleaver (Formicid Fighter)                Turns: 5109, Time: 00:09:24

Health: 0/58       AC:  8    Str: 23    XL:     8   Next: 73%
Magic:  8/8        EV:  8    Int: 13    God:
Gold:   259        SH:  9    Dex: 10    Spells: 7/7 levels left

rFire    . . .     SeeInvis +   a - +0 war axe
rCold    . . .     Gourm    +   c - +0 shield
rNeg     . . .     Faith    .   b - +0 scale mail
rPois    .         Spirit   .   (helmet unavailable)
rElec    .         Reflect  .   (no cloak)
rCorr    .         Harm     .   d - +0 pair of gloves
MR       .....                  (no boots)
Stlth    ..........             p - amulet of the gourmand
HPRegen  0.19/turn              u - ring of flight
MPRegen  0.11/turn              t - +5 ring of intelligence

@: no status effects
A: permanent stasis, dig shafts and tunnels, four strong arms, antennae 3
a: Dig, Shaft Self, Evoke Flight


You were on level 5 of the Dungeon.
You were full.

You visited 1 branch of the dungeon, and saw 5 of its levels.
You also visited: Sewer.

You collected 259 gold pieces.

Inventory:

Hand Weapons
 a - a +0 war axe (weapon)
 s - a +0 battleaxe
Armour
 b - a +0 scale mail (worn)
 c - a +0 shield (worn)
 d - a +0 pair of gloves (worn)
 w - a +0 large shield
Jewellery
 p - an amulet of the gourmand (around neck)
 t - a +5 ring of intelligence (right hand)
 u - a ring of flight (left hand)
 A - a +1 ring of protection {unknown}
Scrolls
 g - 2 scrolls of identify {unknown}
 h - a scroll of immolation {unknown}
 i - a scroll of enchant armour {unknown}
 j - 2 scrolls of fear {unknown}
 k - 4 scrolls of random uselessness {unknown}
 m - 4 scrolls of remove curse {unknown}
 n - 6 scrolls of teleportation {unknown}
 q - 2 scrolls of fog {unknown}
 y - a scroll of blinking {unknown}
Potions
 e - 3 potions of flight
 l - 3 potions of heal wounds
 o - a potion of magic {unknown}
 r - 4 potions of curing {unknown}
 v - a potion of mutation {unknown}
 x - a potion of lignification {unknown}
 z - a potion of brilliance
Comestibles
 f - 10 rations


   Skills:
 - Level 3.2 Fighting
 - Level 10.0 Axes
 - Level 3.2 Armour
 + Level 3.6 Shields


You had 7 spell levels left.
You didn't know any spells.

Dungeon Overview and Level Annotations

Branches:
Dungeon (5/15)
 Temple: D:4-7

Altars:
Ashenzari
Fedhas
Okawaru
Ru
Uskayaw


Innate Abilities, Weirdness & Mutations

You cannot be hasted, slowed, berserked, paralysed or teleported.
You can dig through walls and to a lower floor.
Your four strong arms can wield two-handed weapons with a shield.
You have a pair of large antennae on your head. (SInv)


Message History

The ogre is heavily wounded.
You block the ogre's attack.
You barely miss the ogre.
The ogre is heavily wounded.
The ogre hits you with a giant spiked club!
You are too injured to fight recklessly!
You are too injured to fight recklessly!
You are too injured to fight recklessly!
You are too injured to fight recklessly!
You are too injured to fight recklessly!
You completely miss the ogre.
The ogre is heavily wounded.
The ogre closely misses you.
You slash the ogre!
The ogre is severely wounded.
You hit the ogre but do no damage.
The ogre is severely wounded.
The ogre hits you with a giant spiked club!!
Ouch! That really hurt!
You die...

#...... #.....#
#.##... .....# ###
.###.# ##>## #
...... ...##.###
####.. #O.......
##. #@.##.##.# #.
#......... #. #.#
####.#....#.# #.
#.#
###...........# #.
#.#
#....#.#....###
#####.
#.###...........#
......
#.##...#.#.#..###
......
#.##..........####
........
#..#.#.#.#.#.....
..######.


You could see an ogre.

Vanquished Creatures
  Eustachio (D:5)
  Menkaure (D:5)
  A big kobold (Sewer)
  A scorpion (D:4)
  A crimson imp (D:5)
  2 bullfrog skeletons (D:5)
  4 orc priests
  6 orc wizards
  3 worker ants
  Natasha (thrice) (D:2)
  A hound skeleton (D:5)
  13 adders
  2 river rats (Sewer)
  An adder skeleton (D:5)
  4 worms
  3 dart slugs
  5 leopard geckos
  17 orcs
  7 bats
  10 giant cockroaches
  14 goblins
  14 jackals
  3 quokkas
  5 frilled lizards
  11 kobolds
  14 rats
  2 plants (D:3)
149 creatures vanquished.

Notes
Turn   | Place    | Note
-------+----------+-------------------------------------------
     0 | D:1      | xccam the Formicid Fighter began the quest for the Orb.
     0 | D:1      | Reached XP level 1. HP: 18/18 MP: 1/1
   183 | D:1      | Reached XP level 2. HP: 22/24 MP: 2/2
   296 | D:1      | Reached skill level 3 in Axes
   463 | D:1      | Reached XP level 3. HP: 29/29 MP: 3/3
  1091 | D:2      | Found an iron altar of Okawaru.
  1136 | D:2      | Noticed Natasha
  1144 | D:2      | Killed Natasha
  1144 | D:2      | Reached skill level 4 in Axes
  1144 | D:2      | Reached XP level 4. HP: 23/35 MP: 4/4
  1238 | D:2      | Found a hide-covered altar of Uskayaw.
  1239 | D:2      | Noticed Natasha
  1248 | D:2      | Killed Natasha
  1248 | D:2      | Reached XP level 5. HP: 34/41 MP: 5/5
  1251 | D:2      | Reached skill level 5 in Axes
  1388 | D:2      | Noticed Natasha
  1396 | D:2      | Killed Natasha
  1562 | D:3      | Reached XP level 6. HP: 42/47 MP: 6/6
  1650 | D:3      | Reached skill level 6 in Axes
  2284 | D:3      | Found a blossoming altar of Fedhas.
  2677 | D:4      | Reached XP level 7. HP: 28/52 MP: 7/7
  2677 | D:4      | Reached skill level 7 in Axes
  2772 | D:4      | Found a glowing drain.
  2794 | Sewer    | Entered a sewer
  3178 | Sewer    | Found a glowing silver altar of Zin.
  3656 | D:4      | Reached skill level 8 in Axes
  3694 | D:4      | HP: 2/52 [poisoned by an orc wizard]
  4126 | D:4      | Found a sacrificial altar of Ru.
  4172 | D:4      | Found a shattered altar of Ashenzari.
  4392 | D:5      | Entered Level 5 of the Dungeon
  4456 | D:5      | Reached XP level 8. HP: 29/58 MP: 8/8
  4555 | D:5      | Noticed Eustachio
  4581 | D:5      | Killed Eustachio
  4581 | D:5      | Reached skill level 9 in Axes
  4993 | D:5      | Noticed Menkaure
  5011 | D:5      | Killed Menkaure
  5062 | D:5      | Reached skill level 10 in Axes
  5109 | D:5      | Slain by an ogre

Vault maps used:
D:1:      dpeg_arrival_stone_temple_mockup, minmay_strange_pillars
D:2:      eat_drink_and_be_merry_uskayaw, grunt_ministairs_1,
          okawaru_ov_weapons_minmay, uniq_natasha
D:3:      fedhas_altar_3, first_ration, serial_bayou_lake_a
D:4:      lemuel_doored_altar, gup_sewer_entry_pipe, ashenzari_altar_1
D:5:      hangedman_decor_riveting, uniq_menkaure, uniq_eustachio
Sewer:    sewer_kobolds

Skill      XL: |  1  2  3  4  5  6  7  8 |
---------------+-------------------------+-----
Axes           | 3 4 5 6 8 10 | 10.0
Fighting       | |  3.2
Armour         | |  3.2
Shields        | |  3.6

Action                   |  1- 3 |  4- 6 |  7- 9 || total
-------------------------+-------+-------+-------++-------
Melee: War axe           |    97 |   187 |   236 ||   520
  Use: Potion            |       |     7 |     2 ||     9
  Eat: Chunk             |     1 |    10 |    14 ||    25
Armor: Scale mail        |    42 |    70 |    70 ||   182
Dodge: Dodged            |    24 |    52 |    60 ||   136
Block: Shield            |    44 |   110 |   110 ||   264

Table legend:
 A = Spawn XP
 B = Non-spawn XP
 C = Spawn XP percentage of total XP
 D = Spawn monster count
 E = Non-spawn monster count
 F = Spawn count percentage of total count
 G = Total turns spent on level
                    A         B        C        D         E        F      G
               +---------+---------+-------+---------+---------+-------+---------
         Total |       0 |    1718 |   0.0 |       0 |     147 |   0.0 |  5109
               +---------+---------+-------+---------+---------+-------+---------
           D:1 |       0 |      37 |   0.0 |       0 |      22 |   0.0 |   935
           D:2 |       0 |     216 |   0.0 |       0 |      34 |   0.0 |   606
           D:3 |       0 |     163 |   0.0 |       0 |      25 |   0.0 |  1124
           D:4 |       0 |     368 |   0.0 |       0 |      32 |   0.0 |  1296
           D:5 |       0 |     812 |   0.0 |       0 |      25 |   0.0 |   717
         Sewer |       0 |     122 |   0.0 |       0 |       9 |   0.0 |   431
               +---------+---------+-------+---------+---------+-------+---------
